Map: Invader LE

Players

capac - Winner!

  • Race: Terran Terran
  • League: Gold

ÐsK

  • Race: Zerg Zerg
  • League: Gold

VOD

Have the link to the VOD?

Description

Time

  • Played on: April 26, 2016, 2:43 p.m.
  • Length: 23:52
Show
View Real Time Build Order
Export as new Build Order

capac Terran - Winner!

Build Orders: Reaper Expand, MMM Bio 

Get SALT Encoding   

  12  0:01  SCV  
  13  0:13  SCV  
  14  0:19  Supply Depot  
  14  0:25  SCV  
  15  0:40  SCV  
  15  0:41  Barracks  
  16  0:45  Refinery  
  16  0:54  SCV  
  17  1:06  SCV  
  18  1:27  Orbital Command  
  18  1:32  Reaper  
  19  1:38  Command Center  
  19  1:45  Supply Depot  
  19  1:53  SCV  
  20  2:05  Marine, SCV  
  22  2:15  Factory  
  22  2:18  SCV  
  23  2:32  Barracks Reactor  
  23  2:35  Barracks  
  23  2:54  Orbital Command  
  23  3:05  Bunker  
  23  3:09  Factory Tech Lab  
  22  3:16  Refinery  
  22  3:18  Starport  
  22  3:21  Marine  
  22  3:22  Marine  
  22  3:26  Marine  
  25  3:42  SCV  
  26  3:50  Barracks Tech Lab  
  26  3:55  Barracks  
  26  3:57  SCV  
  26  3:58  SCV  
  28  4:09  SCV  
  29  4:10  SCV  
  29  4:11  Refinery  
  29  4:15  Marine x2  
  32  4:19  Stimpack  
  32  4:20  Marine  
  32  4:22  Siege Tank  
  36  4:26  Starport Reactor  
  36  4:32  Barracks, SCV x2  
  38  4:39  Marine x3  
  38  4:44  SCV x2  
  43  4:49  Barracks Reactor  
  43  4:51  Engineering Bay  
  43  4:58  SCV x2  
  45  5:05  Marine  
  46  5:12  Marine x2, Medivac x2  
  46  5:13  SCV x2  
  54  5:32  Supply Depot  
  54  5:37  Barracks Reactor  
  54  5:38  SCV x2  
  54  5:39  Barracks  
  54  5:42  Marine x5  
  61  5:50  Refinery, SCV  
  61  5:54  SCV  
  63  6:02  SCV  
  63  6:03  Marine x2  
  63  6:04  Marine x3  
  67  6:06  SCV  
  67  6:10  Liberator x2  
  70  6:26  Marine  
  69  6:42  Barracks Reactor  
  69  6:44  Combat Shields  
  69  6:45  Marine  
  70  6:54  Supply Depot  
  70  6:56  Terran Infantry Weapons Level 1  
  70  6:57  Supply Depot  
  70  7:07  Supply Depot x3  
  70  7:12  Missile Turret  
  70  7:15  Marine x3  
  70  7:16  Siege Tank, SCV x2  
  70  7:18  Marine x4  
  82  7:28  SCV x2  
  84  7:30  Marine x2  
  84  7:33  Marine x3  
  84  7:36  Marine x4  
  93  7:47  Marine  
  94  8:09  Medivac x2  
  98  8:18  Supply Depot  
  98  8:19  Starport  
  98  8:20  Marine x9  
  107  8:28  Supply Depot  
  107  8:32  Supply Depot  
  107  8:33  Supply Depot  
  107  8:37  Marine  
  107  8:38  Marine x7  
  99  8:54  Medivac x2  
  103  8:56  Starport Reactor  
  103  9:06  Liberator  
  103  9:07  Liberator  
  103  9:17  Marauder  
  103  9:19  Marine x4  
  103  9:20  Marine x2  
  117  9:39  Marauder  
  119  9:50  Liberator x2  
  119  9:53  Liberator x2  
  119  10:00  Marauder  
  133  10:14  Marine x3  
  133  10:15  Marine  
  137  10:33  Supply Depot  
  137  10:34  Supply Depot  
  137  10:48  Liberator  
  137  10:49  Liberator x3  
  149  11:24  Command Center  
  149  11:25  Command Center  
  149  11:32  Liberator  
  143  13:18  Liberator x2  
  143  13:19  Liberator x2  
  155  14:31  Planetary Fortress  
  155  14:33  Orbital Command  
  155  14:47  Liberator x3  
  155  14:48  Liberator  
  146  16:02  Marine x3  
  97  16:39  Marine x8  
  99  16:42  Liberator x2  
  99  16:43  Liberator  
  105  16:47  SCV x2  
  105  16:51  SCV  
  108  16:57  Marine x8  
  108  16:59  SCV x2  
  127  17:03  SCV  
  128  17:13  Refinery x2  
  128  17:14  Marine  
  128  17:15  Marine x7, SCV  
  137  17:27  SCV  
  138  17:32  Marine  
  138  17:33  Marine x7  
  146  17:50  Marine  
  146  17:51  Marine x7  
  154  18:07  Refinery, SCV  
  154  18:08  SCV x2  
  154  18:09  Refinery  
  157  19:48  Supply Depot, Marine x3, SCV, Medivac x2  
  165  19:53  Supply Depot  
  165  20:09  Marine x7, SCV  
  165  20:13  Supply Depot  
  173  20:14  Marine, SCV x2, Medivac x2  
  173  20:15  Terran Infantry Armor Level 1  
  180  20:21  SCV, Armory  
  180  20:24  Supply Depot  
  180  20:26  Supply Depot  
  181  20:34  Marine x5, SCV x3  
  189  20:45  Marine x3, Medivac  
  189  20:46  SCV x3  
  197  20:52  Marine x3  
  200  21:05  Engineering Bay  
  200  21:17  Barracks  
  200  21:23  Barracks  
  164  22:00  Marine  
  164  22:01  Marine x7  
  172  22:18  Marine  
  172  22:19  Marine x7  
  168  22:36  Marine x7  
  168  22:37  Marine  
  173  22:54  Marine x8  
  175  23:14  Marine x5  
  175  23:15  Marine x2  
  183  23:20  Barracks Reactor  
  183  23:21  Barracks Reactor  
  183  23:23  Barracks Reactor  
  183  23:26  Barracks  
  182  23:28  Barracks  
  182  23:32  Marine x7  
Show
View Real Time Build Order
Export as new Build Order

ÐsK Zerg 

Build Orders: Hatch First, Muta Ling Bane 

Get SALT Encoding   

  12  0:01  Drone  
  13  0:14  Overlord  
  13  0:20  Drone  
  14  0:34  Drone x2  
  16  0:37  Drone  
  17  0:51  Drone  
  18  1:02  Drone  
  19  1:08  Hatchery  
  18  1:20  Spawning Pool  
  18  1:21  Drone  
  18  1:22  Drone  
  19  1:28  Extractor  
  19  1:32  Drone  
  19  1:50  Drone  
  20  1:55  Overlord  
  20  1:58  Hatchery  
  19  2:10  Queen, Drone  
  22  2:24  Zergling x4  
  22  2:26  Queen  
  26  2:32  Overlord  
  26  2:42  Zergling x2  
  26  2:43  Zergling x4  
  29  2:53  Drone  
  29  2:55  Metabolic Boost  
  30  3:07  Zergling x6  
  30  3:09  Drone  
  34  3:13  Queen  
  36  3:26  Baneling Nest  
  35  3:32  Drone x2  
  37  3:36  Overlord  
  37  3:38  Drone x2  
  39  3:46  Drone x2  
  41  3:55  Queen  
  43  3:57  Zergling x2  
  44  4:03  Lair  
  44  4:11  Baneling x2  
  44  4:12  Evolution Chamber, Baneling x2  
  44  4:13  Drone  
  44  4:21  Drone x3  
  47  4:28  Extractor  
  46  4:31  Drone x2, Spore Crawler  
  47  4:41  Overlord  
  47  4:45  Drone x3  
  50  4:59  Drone x3  
  53  5:01  Baneling x3  
  53  5:02  Baneling x3  
  53  5:05  Drone x4  
  57  5:13  Extractor  
  56  5:14  Extractor  
  56  5:17  Zergling x2  
  56  5:18  Zergling x4  
  58  5:23  Pneumatized Carapace  
  58  5:34  Overlord x2  
  58  5:48  Overlord x2  
  58  5:51  Zerg Melee Weapons Level 1  
  58  5:52  Centrifical Hooks  
  58  6:01  Extractor  
  58  6:02  Extractor  
  56  6:10  Drone x5  
  61  6:23  Drone x5  
  61  6:24  Drone x5  
  69  6:40  Baneling  
  69  6:41  Baneling x8  
  69  6:42  Baneling x2  
  69  6:50  Zergling x2  
  69  6:51  Zergling x14  
  69  6:53  Baneling  
  77  7:01  Drone x3  
  77  7:02  Drone x3  
  83  7:14  Spire  
  82  7:18  Baneling x7  
  82  7:19  Baneling  
  82  7:21  Baneling x4  
  82  7:22  Baneling x3  
  82  7:23  Zergling x2  
  83  7:49  Spore Crawler  
  83  7:50  Spore Crawler x2  
  80  7:57  Spore Crawler  
  76  8:09  Drone  
  76  8:10  Drone x6  
  81  8:14  Overlord x3  
  74  8:45  Mutalisk  
  75  8:50  Overlord x5  
  75  8:58  Spore Crawler  
  74  9:11  Zergling x4  
  74  9:12  Zergling x10  
  81  9:22  Zergling x8  
  85  9:38  Infestation Pit  
  84  9:46  Baneling x2  
  84  9:47  Evolution Chamber, Baneling x8  
  84  9:50  Evolution Chamber  
  80  9:55  Mutalisk x4  
  80  9:56  Mutalisk x2  
  88  10:13  Spore Crawler  
  87  10:18  Hive  
  87  10:26  Drone x6  
  93  10:31  Overseer x3  
  93  10:38  Zergling x4  
  93  10:39  Zergling x6  
  98  10:43  Hatchery, Baneling  
  98  10:44  Baneling x3  
  98  10:46  Zergling x2  
  98  10:55  Baneling x2  
  98  10:56  Baneling x8  
  98  10:58  Overlord x3  
  98  11:03  Zerg Melee Weapons Level 2  
  98  11:04  Zerg Ground Armor Level 1  
  98  11:11  Queen  
  100  11:42  Queen  
  100  11:43  Ultralisk Cavern  
  100  11:44  Queen  
  103  11:47  Queen, Zergling x8  
  103  11:48  Zergling x14  
  103  11:49  Zergling x2  
  117  11:57  Overlord  
  117  11:58  Spore Crawler  
  116  12:01  Zerg Missile Weapons Level 1  
  116  12:09  Nydus Network  
  116  12:10  Baneling x4  
  116  12:15  Baneling x6  
  115  12:16  Baneling x8  
  115  12:17  Baneling x7  
  115  12:18  Baneling x3  
  115  12:20  Queen  
  117  12:23  Queen  
  119  12:43  Spore Crawler  
  119  12:44  Spore Crawler  
  117  12:46  Spore Crawler x2  
  115  13:14  Ultralisk x4  
  115  13:16  Overlord x2  
  115  13:17  Overlord  
  139  13:22  Chitinous Plating  
  139  13:47  Drone x3  
  141  14:09  Zergling x14  
  147  14:10  Zergling x8  
  150  14:19  Baneling x8  
  150  14:40  Baneling x4  
  150  14:41  Baneling x7  
  150  14:42  Baneling x7  
  150  14:43  Baneling x4  
  150  15:06  Spore Crawler  
  149  15:07  Spore Crawler  
  149  15:08  Spore Crawler x2  
  146  15:24  Nydus Canal  
  113  16:11  Zergling x2  
  113  16:12  Zergling x16  
  113  16:13  Zergling x6  
  87  16:35  Zergling x10  
  87  16:36  Zergling x2  
  87  16:38  Baneling x7  
  87  16:39  Baneling x7  
  85  16:40  Baneling x5  
  85  16:42  Queen  
  87  16:49  Zergling x4  
  87  16:50  Zergling x2  
  87  16:53  Baneling x5  
  90  17:02  Mutalisk  
  92  17:18  Queen  
  90  17:54  Hatchery  
  89  17:58  Adrenal Glands  
  89  18:00  Zerg Ground Armor Level 2  
  89  18:06  Zerg Melee Weapons Level 3  
  89  18:17  Zergling x10  
  94  18:26  Burrow  
  94  18:39  Zergling x8  
  94  18:40  Zergling x2  
  99  18:42  Baneling x3  
  99  18:43  Baneling x5  
  99  18:44  Baneling  
  99  18:56  Drone x3  
  99  18:57  Drone x3  
  102  19:21  Spore Crawler  
  102  19:22  Spore Crawler  
  102  19:23  Spore Crawler  
  97  19:27  Spore Crawler  
  97  19:31  Drone x8  
  101  19:32  Drone  
  101  19:36  Baneling x4  
  101  19:37  Baneling x4  
  101  19:38  Baneling  
  105  19:58  Baneling x4  
  105  19:59  Spore Crawler  
  104  20:04  Spore Crawler  
  103  20:15  Extractor  
  103  20:19  Extractor  
  101  20:26  Hatchery  
  101  20:27  Corruptor x4  
  101  20:28  Corruptor  
  110  20:41  Hatchery  
  110  20:48  Spore Crawler  
  109  20:50  Spore Crawler  
  109  21:00  Spore Crawler  
  108  21:04  Baneling x30  
  108  21:05  Baneling x2  
  108  21:12  Zergling x2  
  108  21:13  Zergling x16  
  108  21:14  Zergling x6  
  120  21:18  Baneling x8  
  120  21:19  Baneling x5  
  89  22:00  Baneling x2  
  89  22:01  Baneling x5  
  88  22:05  Drone  
  88  22:06  Drone x8  
  88  22:07  Drone x3  
  82  22:46  Baneling, Spore Crawler  
  82  22:47  Zergling x10, Baneling  
  82  22:48  Zergling x14  
  75  23:16  Baneling x7  
  75  23:17  Baneling x6  
  75  23:18  Baneling x3  
  75  23:33  Zergling x6  
Tags
 
Add a new tag
Caveats
  • Supply blocks, unpowered buildings, or Contaminate may cause inaccurate times.
  • Supply counts are checked every 10 seconds.